 Dungeon Sprint DCSS version 0.30-a0-149-g7f746667c4 (webtiles) character file.

Game seed: 1226782523187457220

51 rocky1 the Ducker (level 3, -4/30 HPs)
             Began as a Merfolk Gladiator on Sept 27, 2022.
             Slain by a water elemental (15 damage)
             ... in the Dungeon (Sprint III: "The Ten Rune Challenge").
             The game lasted 00:01:11 (536 turns).

rocky1 the Ducker (Merfolk Gladiator)                Turns: 536, Time: 00:01:12

Health: -4/30      AC:  4    Str: 14    XL:     3   Next: 83%
Magic:  3/3        EV: 14    Int:  7    God:
Gold:   33         SH:  0    Dex: 17    Spells: 2/2 levels left

rFire   . . .      SeeInvis .    a - +0 long sword
rCold   . . .      Faith    .    (no shield)
rNeg    . . .      Spirit   .    b - +0 leather armour
rPois   .          Reflect  .    c - +0 helmet
rElec   .          Harm     .    (no cloak)
rCorr   .          Rampage  .    (no gloves)
Will    .....      NoTele   +    (no boots)
Stlth   ++........               (no amulet)
HPRegen 0.10/turn                (no ring)
MPRegen 0.08/turn                (no ring)

@: engulfed
A: (nimble swimmer 2), mertail
a: no special abilities


You were in the Dungeon.
You visited 1 branch You collected 33 gold pieces.

Inventory:

Hand Weapons
 a - a +0 long sword (weapon)
Missiles
 d - 2 throwing nets (quivered)
 e - a javelin
Armour
 b - a +0 leather armour (worn)
 c - a +0 helmet (worn)
Scrolls
 k - a scroll of blinking
 l - a scroll of torment {unknown}
 m - a scroll of identify {unknown}
 o - a scroll of poison {unknown}
 p - a scroll of silence {unknown}
Potions
 f - a potion of curing
 g - a potion of heal wounds
 h - a potion of haste
 i - 2 potions of magic
 j - a potion of berserk rage
 n - 4 potions of flight
 q - 6 potions of mutation


   Skills:
 + Level 4.0 Fighting
 + Level 5.2 Long Blades
 - Level 2.0 Throwing
 + Level 2.1 Armour
 + Level 5.7 Dodging
 + Level 3.5 Stealth


You had 2 spell levels left.
You didn't know any spells.
Your spell library was empty.

Dungeon Overview and Level Annotations

Branches:
Dungeon (1/1)

Altars:


Innate Abilities, Weirdness & Mutations

((You are very nimble when in or above water. (Stealth+, EV+, Speed+++)))
Your lower body shifts to a powerful aquatic tail in water.


Message History

a potion of mutation; 2 potions of mutation You now have 33 gold pieces (gained 12).
Things that are here:
a potion of mutation; 2 potions of mutation
q - a potion of mutation;
q - 3 potions of mutation (gained 2)
q - 4 potions of mutation (gained 1);
q - 6 potions of mutation (gained 2)
Your extra speed is starting to run out.
There is an open door here.
You start resting.
You feel yourself slow down.
You start resting.
You start resting.
You start resting.
You start resting.
You start resting.
HP restored.
You open the door.
A water elemental comes into view.
There is an open door to the Ecumenical Temple here.
The helpless water elemental fails to defend itself.
You slash the water elemental!
The water elemental is moderately damaged.
The water elemental hits you.
The water elemental engulfs you in water!
The water elemental barely misses you.
You slash the water elemental!
The water elemental is heavily damaged.
The water elemental misses you.
You barely miss the water elemental.
The water elemental is heavily damaged.
The water elemental closely misses you.
You completely miss the water elemental.
The water elemental is heavily damaged.
The water elemental hits you!
Ouch! That really hurt!
You slash the water elemental!
The water elemental is severely damaged.
The water elemental hits you!
Ouch! That really hurt!
You die...

▓▓▓▓▓▓ ▓▓▓ .#...####
##.# .#......#####..#
##.....).#..#..#
.##.##...#..#..###+#+###
.##.###..##'#..#........
####.##..###...'.⌠......
##..##..####...#@..####
....##..###....#.E.#
#..##...##.....#...#
..##....#......#+###
.###..##÷#.....# .#
#..#####....# ▓▓ ▓▓▓▓
▓▓▓▓▓▓


You could see a water elemental.

Vanquished Creatures
  Jessica (D)
  A human (D)
  A phantom (D)
  2 endoplasms (D)
  A rat (D)
6 creatures vanquished.

Notes
Turn   | Place    | Note
-------+----------+-------------------------------------------
     0 | D        | rocky1 the Merfolk Gladiator began the quest for the Orb.
     0 | D        | Reached XP level 1. HP: 16/16 MP: 1/1
    14 | D        | Reached skill level 1 in Stealth
    28 | D        | Noticed Jessica
    36 | D        | Killed Jessica
    37 | D        | Reached skill level 1 in Armour
    37 | D        | Reached skill level 5 in Dodging
    37 | D        | Reached XP level 2. HP: 10/24 MP: 2/2
    37 | D        | Reached XP level 3. HP: 12/29 MP: 3/3
   285 | D        | Reached skill level 5 in Long Blades
   529 | D        | Noticed a water elemental
   536 | D        | Slain by a water elemental

Illustrated notes

Levels and vault maps discovered:
D:        dungeon_sprint_mu [sprint_mu_entry_cave, sprint_mu_temple_rooms,
          sprint_mu_d1_spiders, sprint_mu_d2_genie, sprint_mu_d3_branching,
          sprint_mu_orc_legion, sprint_mu_elf_gauntlet, sprint_mu_hive_nellie,
          sprint_mu_lair_fedhas, sprint_mu_vaults_butterflies,
          sprint_mu_slime_circle, sprint_mu_shoals_kraken,
          sprint_mu_snake_twists, sprint_mu_blade_basic,
          sprint_mu_crypt_fortress, sprint_mu_tomb_spiral,
          sprint_mu_vestibule_basic, sprint_mu_gehenna_hellfire,
          sprint_mu_dis_giant, sprint_mu_tartarus_statrot,
          sprint_mu_cocytus_islands, sprint_mu_zot1]

Skill      XL: |  1  2  3 |
---------------+----------+-----
Stealth        | 2 3 |  3.5
Fighting       | 3 4 |  4.0
Long Blades    | 4 5 |  5.2
Armour         | 1 2 |  2.1
Dodging        | 5 |  5.7
Throwing       | |  2.0

Action                   || total
-------------------------++-------
Melee: Long sword        ||    39
Throw: Throwing net      ||     2
  Use: Potion            ||     1
 Stab: Sleeping          ||     2
       Held in net/web   ||     1
Armor: Leather armour    ||     3
Dodge: Dodged            ||    18

Table legend: (Time is in decaauts)
 A = Elapsed time spent in this place.
 B = Non-inter-level travel time spent in this place.
 C = Inter-level travel time spent in this place.
 D = Time resting spent in this place.
 E = Time spent auto-exploring this place.
 F = Levels seen in this place.
 G = Mean time per level.
                   A        B        C        D        E       F      G
               +--------+--------+--------+--------+--------+-----+--------+
         Total |    527 |    527 |      0 |    395 |      8 |   1 |  527.0 |
       Dungeon |    527 |    527 |      0 |    395 |      8 |   1 |  527.0 |
               +--------+--------+--------+--------+--------+-----+--------+

Top non-repeatable levels by time:
       D: 527 daAuts
